 Dungeon Crawl Stone Soup version 0.29.1-15-g9cfb28693d (webtiles) character file.

Game seed: 17389415203542829646

16840 HOAXBANE the Fighter (level 12, -11/95 HPs)
             Began as a Human Artificer on Feb 25, 2023.
             Was a Believer of Uskayaw.
             Mangled by a boulder beetle (21 damage)
             ... on level 10 of the Dungeon on Feb 26, 2023.
             The game lasted 02:42:10 (20146 turns).

HOAXBANE the Fighter (Human Artificer)             Turns: 20146, Time: 02:42:11

Health: -11/95     AC:  9    Str: 16    XL:     12   Next: 75%
Magic:  12/19      EV: 17    Int: 23    God:    Uskayaw [**....]
Gold:   809        SH:  0    Dex: 19    Spells: 12/21 levels left

rFire   . . .      SeeInvis .   U - +8 long sword "Vymig" {vorpal, Int+3}
rCold   . . .      Faith    .   (no shield)
rNeg    . . .      Spirit   .   R - +4 robe of Augmentation {Str+4 Int+4 Dex+4}
rPois   .          Reflect  .   C - +0 helmet
rElec   .          Harm     .   q - +0 cloak
rCorr   .          Rampage  .   (no gloves)
Will    .....                   P - +0 pair of boots {Fly}
Stlth   ++........              y - amulet of the acrobat
HPRegen 0.25/turn               I - +4 ring of slaying
MPRegen 0.16/turn               A - ring of wizardry

@: flying
A: no striking features
a: Renounce Religion, Stomp, Line Pass


You were on level 10 of the Dungeon.
You worshipped Uskayaw.
Uskayaw was noncommittal.
You visited 3 branches of the dungeon, and saw 15 of its levels.

You collected 835 gold pieces.
You spent 26 gold pieces at shops.

Inventory:

Hand Weapons
 U - the +8 long sword "Vymig" (weapon) {vorpal, Int+3}
   (You found it on level 10 of the Dungeon)

   It inflicts extra damage upon your enemies.
   Int:       It affects your intelligence (+3).
Missiles
 b - a curare-tipped dart
 p - 14 poisoned darts (quivered)
 J - 2 javelins
 X - 2 silver javelins
Armour
 q - a +0 cloak (worn)
 s - a +2 robe of willpower
 C - a +0 helmet (worn)
 K - a +1 ring mail of fire resistance
 P - a +0 pair of boots of flying (worn)
 R - the +4 robe of Augmentation (worn) {Str+4 Int+4 Dex+4}
   (You found it on level 9 of the Dungeon)

   Str:       It affects your strength (+4).
   Int:       It affects your intelligence (+4).
   Dex:       It affects your dexterity (+4).
 V - the +7 plate armour of the Lute {Will++ Int-5 Dex+7}
   (You found it on level 2 of the Lair of Beasts)

   Int:       It affects your intelligence (-5).
   Dex:       It affects your dexterity (+7).
   Will:      It greatly increases your willpower.
Jewellery
 w - a +4 ring of evasion
 y - an amulet of the acrobat (around neck)
 A - a ring of wizardry (right hand)
 I - a +4 ring of slaying (left hand)
 M - a ring of wizardry
 Q - a ring of positive energy
Wands
 c - a wand of flame (52)
 d - a wand of charming (10)
 e - a wand of iceblast (9)
 x - a wand of paralysis (13)
 F - a wand of mindburst (5)
 N - a wand of polymorph (9)
 S - a wand of quicksilver (8)
Scrolls
 a - a scroll of immolation
 g - a scroll of enchant weapon {unknown}
 i - a scroll of silence {unknown}
 j - 4 scrolls of teleportation
 k - 2 scrolls of amnesia {unknown}
 r - a scroll of torment {unknown}
 t - a scroll of poison
 u - a scroll of brand weapon {unknown}
 v - 2 scrolls of magic mapping {unknown}
 E - 5 scrolls of fear
 G - a scroll of vulnerability {unknown}
 H - 2 scrolls of enchant armour {unknown}
 L - 2 scrolls of blinking {unknown}
Potions
 f - a potion of ambrosia
 h - 4 potions of mutation
 l - 2 potions of haste
 m - 2 potions of magic
 n - 7 potions of curing
 o - 3 potions of heal wounds
 z - 4 potions of berserk rage
 B - a potion of resistance
 D - 2 potions of brilliance
 O - 2 potions of might {unknown}
 W - a potion of lignification
Miscellaneous
 T - a phantom mirror


   Skills:
 - Level 9.0 Fighting
 * Level 7.6 Long Blades
 - Level 7.9 Staves
 + Level 3.1 Throwing
 - Level 4.0 Armour
 - Level 8.0 Dodging
 - Level 1.0 Stealth
 - Level 5.1 Spellcasting
 - Level 7.0 Hexes
 - Level 5.0 Ice Magic
 - Level 3.0 Invocations
 - Level 3.0 Evocations


You had 12 spell levels left.
You knew the following spells:

 Your Spells              Type           Power      Damage    Failure   Level
a - Slow                  Hex            100%       N/A       1%          1
b - Confusing Touch       Hex            38%        N/A       1%          3
c - Ensorcelled Hibernat  Hex/Ice        66%        N/A       1%          2
d - Ozocubu's Armour      Ice            28%        N/A       1%          3

Your spell library contained the following spells:

 Spells                   Type           Power      Damage    Failure   Level
 Apportation              Tloc           10%        N/A       4%          1
 Magic Dart               Conj           20%        1d4       4%          1
 Necrotise                Necr           20%        1d5       4%          1
 Sandblast                Erth           10%        2d5       4%          1
 Summon Small Mammal      Summ           20%        N/A       4%          1
 Call Imp                 Summ           5%         N/A       6%          2
 Passwall                 Tmut/Erth      4%         N/A       6%          2
 Anguish                  Hex/Necr       10%        N/A       9%          4
 Metabolic Englaciation   Hex/Ice        16%        N/A       9%          5
 Gell's Gravitas          Tloc           5%         N/A       12%         3
 Lesser Beckoning         Tloc           5%         N/A       12%         3
 Mephitic Cloud           Conj/Pois/Air  5%         N/A       12%         3
 Spider Form              Tmut/Pois      5%         N/A       12%         3
 Stone Arrow              Conj/Erth      10%        3d7       12%         3
 Teleport Other           Tloc           5%         N/A       12%         3
 Vampiric Draining        Necr           5%         2d6       12%         3
 Agony                    Necr           5%         N/A       67%         5
 Simulacrum               Ice/Necr       8%         N/A       87%         6


Dungeon Overview and Level Annotations

Branches:
Dungeon (11/15)            Temple (1/1) D:5            Lair (3/5) D:9
  Swamp (0/4) Lair:2          Orc (0/2) D:10
  Snake: Lair:2-3    Spider: Lair:2-3

Altars:
Ashenzari
Cheibriados
Dithmenos
Elyvilon
Fedhas
Gozag
Hepliaklqana
Kikubaaqudgha
Makhleb
Nemelex Xobeh
Okawaru
Qazlal
Ru
Sif Muna
Trog
Uskayaw
Vehumet
Wu Jian
Xom
Yredelemnul
Zin
The Shining One

Shops:
D:4 *

Annotations:
Temple 2 transporters
Lair:2 1 runed translucent door, Voldus's ghost, adept GnFi


Message History

[Y]es or [N]o only, please.
Your icy armour will break if you move.
Continue?
Your icy armour cracks and falls away as you move.
You hit the boulder beetle but do no damage.
The boulder beetle is lightly wounded.
The boulder beetle bites you!
* * * LOW HITPOINT WARNING * * *
You hit the boulder beetle but do no damage.
The boulder beetle is lightly wounded.
You hit the boulder beetle but do no damage.
The boulder beetle is lightly wounded.
You catch the helpless boulder beetle completely off-guard!
You hit the boulder beetle.
The boulder beetle is moderately wounded.
The boulder beetle misses you.
The boulder beetle bites itself.
You hit the boulder beetle but do no damage.
The boulder beetle is moderately wounded.
You catch the helpless boulder beetle completely off-guard!
You slash the boulder beetle!
The boulder beetle is heavily wounded.
The boulder beetle barely misses you.
You can now pass through a line of other dancers.
You catch the helpless boulder beetle completely off-guard!
You hit the boulder beetle but do no damage.
You punch the boulder beetle, but do no damage.
The boulder beetle is heavily wounded.
Aiming: Quicksilver Bolt
Press: ? - help, Shift-Dir - straight line, f/p - boulder beetle
Aim: a boulder beetle (heavily wounded, confused, 100% to hit)
The bolt of dispelling energy hits the boulder beetle.
The boulder beetle is heavily wounded.
The boulder beetle's magical effects unravel!
You slash the boulder beetle!
The boulder beetle is severely wounded.
The boulder beetle bites you!
* * * LOW HITPOINT WARNING * * *
You slash the boulder beetle!
The boulder beetle is almost dead.
The boulder beetle bites you!!
You die...

####.##### #.......##
#...#... #.# ######.##
#.#..... #.# #.# #...#...
#.# #.# ######.#
####.###### ##'## #.#
#.........# ##...## #.#
#.###.###.# ##.....## ###.#
#.# #.#.#.# ##.......##
##.#.. #.#
#.....###.@(.....>####....#
#.#
#.......+.B>......'........
#.#
##....###.........####.....
#.# ##.#.# ##.......##
##.#.. #.#####.#.#
##.....## ######.#
#.........# ##.<.##
#.......
#######.#########+##
#.##.... #.†.....# #.#
#.##.#.# #.#####.# #.#
#......#


You could see a boulder beetle.

Vanquished Creatures
  2 two-headed ogres
  3 deep elf zephyrmancers (D:11)
  Pikel (D:4)
  A cyclops (D:10)
  3 elephants
  A torpor snail (Lair:1)
  5 black mambas
  Joseph (D:10)
  A cane toad (Lair:1)
  A rime drake (Lair:1)
  2 komodo dragons
  Sigmund (D:3)
  22 yaks
  5 wyverns
  7 vampire mosquitoes (D:10)
  6 water moccasins
  Duvessa (D:4)
  4 orc warriors
  4 ice beasts
  A swamp drake (Lair:2)
  2 black bears
  2 centaurs (D:7)
  2 ogres
  5 bullfrogs
  2 necrophages
  A kobold brigand (D:10)
  5 scorpions
  8 wights
  Dowan (D:4)
  7 killer bees
  4 howler monkeys
  4 hounds
  Crazy Yiuf (D:2)
  10 orc priests
  4 iguanas
  7 orc wizards
  9 adders
  7 gnolls
  2 white imps
  5 worms
  3 dart slugs
  20 orcs
  6 bats
  7 endoplasms
  9 giant cockroaches
  4 goblins
  7 hobgoblins
  8 jackals
  3 quokkas
  6 ball pythons
  8 frilled lizards
  12 kobolds
  12 rats
265 creatures vanquished.

Vanquished Creatures (others)
  A killer bee (D:5)
  A howler monkey (D:11)
  27 fungi
  30 plants
59 creatures vanquished.

Grand Total: 324 creatures vanquished

Notes
Turn   | Place    | Note
-------+----------+-------------------------------------------
     0 | D:1      | HOAXBANE the Human Artificer began the quest for the Orb.
     0 | D:1      | Reached XP level 1. HP: 15/15 MP: 1/1
   350 | D:1      | Reached XP level 2. HP: 10/21 MP: 2/2
   920 | D:1      | Reached XP level 3. HP: 27/27 MP: 3/3
  1210 | D:1      | Found a faded altar of an unknown god.
  1224 | D:1      | You fall into a shaft and drop 1 floor!
  1263 | D:2      | Reached skill level 2 in Fighting
  1712 | D:1      | Reached XP level 4. HP: 33/33 MP: 4/4
  2241 | D:2      | Found a runed translucent door.
  2242 | D:2      | Noticed Crazy Yiuf
  2988 | D:2      | Reached XP level 5. HP: 38/38 MP: 5/5
  3027 | D:2      | Killed Crazy Yiuf
  3593 | D:3      | Noticed Sigmund
  3601 | D:3      | Killed Sigmund
  3602 | D:3      | Reached skill level 3 in Fighting
  3602 | D:3      | Reached XP level 6. HP: 46/48 MP: 6/6
  3843 | D:3      | Reached skill level 4 in Fighting
  4006 | D:3      | Reached XP level 7. HP: 51/54 MP: 7/7
  4944 | D:4      | Noticed Dowan
  4944 | D:4      | Noticed Duvessa
  5042 | D:4      | Killed Duvessa
  5246 | D:4      | Noticed Pikel
  5341 | D:4      | Found Plog's General Store.
  5344 | D:4      | Bought a scroll of identify for 26 gold pieces
  5373 | D:4      | Killed Dowan
  5378 | D:4      | Learned a level 1 spell: Slow
  5578 | D:4      | Reached skill level 1 in Spellcasting
  5578 | D:4      | Reached skill level 1 in Hexes
  5578 | D:4      | Reached XP level 8. HP: 17/60 MP: 7/10
  5788 | D:4      | Killed Pikel
  5793 | D:4      | Learned a level 3 spell: Confusing Touch
  6981 | D:5      | Entered Level 5 of the Dungeon
  6981 | D:5      | Found a staircase to the Ecumenical Temple.
  7318 | D:5      | Reached XP level 9. HP: 61/65 MP: 8/15
  7532 | D:5      | Reached skill level 5 in Staves
  7831 | D:5      | Reached skill level 5 in Fighting
  7953 | D:5      | Found a glowing silver altar of Zin.
  7998 | Temple   | Entered the Ecumenical Temple
  7998 | Temple   | Found a transporter.
  7998 | Temple   | Found a transporter.
  8000 | Temple   | Found a transporter.
  8000 | Temple   | Found a transporter.
  8036 | Temple   | Became a worshipper of Uskayaw the Reveller
  8152 | D:5      | Reached * piety under Uskayaw
  8201 | D:5      | Found a sacrificial altar of Ru.
  8282 | D:5      | Reached ** piety under Uskayaw
  8352 | D:5      | Reached skill level 1 in Invocations
  8558 | D:6      | Reached *** piety under Uskayaw
  8797 | D:6      | Reached skill level 5 in Dodging
  8935 | D:6      | Reached skill level 5 in Hexes
  8938 | D:6      | Learned a level 2 spell: Ensorcelled Hibernation
  8999 | D:6      | Found a blossoming altar of Fedhas.
  9599 | D:7      | Reached skill level 6 in Fighting
  9608 | D:7      | Reached **** piety under Uskayaw
  9609 | D:7      | Reached XP level 10. HP: 75/76 MP: 12/16
 10057 | D:7      | Found a broken altar of Ashenzari.
 10095 | D:7      | Reached skill level 1 in Ice Magic
 11578 | D:8      | Reached skill level 7 in Fighting
 11938 | D:9      | Noticed a two-headed ogre
 11979 | D:9      | Killed a two-headed ogre
 12182 | D:9      | Found a staircase to the Lair.
 12262 | D:9      | Found the +4 robe of Augmentation {Str+4 Int+4 Dex+4}
 12349 | D:9      | Found a transporter.
 12398 | D:9      | Found a transporter.
 13127 | D:10     | Entered Level 10 of the Dungeon
 13457 | D:10     | Noticed Joseph
 13473 | D:10     | Killed Joseph
 13509 | D:10     | Reached XP level 11. HP: 59/84 MP: 14/17
 13655 | D:10     | Reached ***** piety under Uskayaw
 13976 | D:10     | Found a staircase to the Orcish Mines.
 14007 | D:10     | Found a sparkling altar of Nemelex Xobeh.
 14007 | D:10     | Found a basalt altar of Yredelemnul.
 14009 | D:10     | Found a radiant altar of Vehumet.
 14009 | D:10     | Found a snail-covered altar of Cheibriados.
 14245 | D:10     | Learned a level 3 spell: Ozocubu's Armour
 14481 | D:10     | Found a stormy altar of Qazlal.
 14516 | D:10     | Noticed a two-headed ogre
 14549 | D:10     | Killed a two-headed ogre
 14574 | D:10     | Identified the +8 long sword "Vymig" {vorpal, Int+3}
 14989 | D:10     | Reached skill level 1 in Long Blades
 15229 | Lair:1   | Entered Level 1 of the Lair of Beasts
 15307 | Lair:1   | HP: 2/85 [poisoned by a cane toad]
 15895 | Lair:1   | Reached skill level 5 in Ice Magic
 16193 | Lair:1   | Reached skill level 8 in Fighting
 16346 | Lair:1   | Reached XP level 12. HP: 51/92 MP: 10/19
 16349 | Lair:1   | Reached skill level 5 in Spellcasting
 17439 | D:9      | Reached skill level 5 in Long Blades
 17812 | Lair:2   | Found a staircase to the Swamp.
 17834 | Lair:2   | Noticed a spriggan rider
 17834 | Lair:2   | Found a runed translucent door.
 17845 | Lair:2   | Noticed Voldus's ghost (adept GnFi)
 17846 | Lair:2   | Identified the +7 trident "Opiukun" {vorpal, Fly rC+}
 17846 | Lair:2   | Noticed a spriggan rider
 18156 | Lair:2   | You are sucked into a shaft and drop 1 floor!
 18274 | Lair:2   | Identified the +7 plate armour of the Lute {Will++ Int-5
                  | Dex+7}
 18840 | Lair:2   | Reached skill level 1 in Throwing
 19170 | Lair:2   | Reached skill level 9 in Fighting
 19313 | Lair:2   | Found the +8 whip "Snakebite" {venom, curare, rPois}
 19756 | D:11     | Noticed a boulder beetle
 20146 | D:10     | Mangled by a boulder beetle

Illustrated notes

Levels and vault maps discovered:
D:1:      dpeg_arrival_prison, layout_loops_cross,
          shapermc_ecumenical_altar_mp_urbaneastern
D:2:      layout_rooms, uniq_crazy_yiuf_cottage
D:3:      layout_basic, gup_sewer_entry_bubbles, dreamdust_mushroom_princess,
          uniq_sigmund
D:4:      layout_basic, serial_shops, nicolae_stop_n_shop_1, chequers_big_river,
          uniq_pikel, uniq_duvessa
D:5:      layout_rooms, zin_academy, general_overflow_altar,
          minmay_temple_entry_grid
D:6:      layout_rooms, mainiacjoe_overflow_six_doors_small
D:7:      layout_cave_pools, mainiacjoe_overflow_concentric_impassable
D:8:      layout_basic, minmay_misc_feat_cross
D:9:      gammafunk_beogh_shrine, layout_basic, lair_entry_dummy
D:10:     layout_loops_corners, grunt_temple_overflow_open, orc_0_dummy,
          uniq_joseph
D:11:     layout_loops_cross, grunt_ministairs_14, elves_outpost_lemuel
Temple:   hellmonk_temple_divided_pantheon
Lair:1:   layout_cave_pods, gauntlet_entry_generic, grunt_megastairs_5
Lair:2:   minmay_guarded_unrand_snakebite, layout_cave_pods,
          minmay_swamp_entry_reptiles, ebering_ghost_funeral_grove,
          beast_lair_carwin_11, lemuel_fruit_fields, lemuel_fruit_tree,
          lemuel_fruit_fields
Lair:3:   layout_regular_city, dummy_snake_entry

Skill      XL: |  1  2  3  4  5  6  7  8  9 10 11 12 |
---------------+-------------------------------------+-----
Fighting       | 2 3 4 6 7 8 9 |  9.0
Dodging        | 2 4 5 6 8 |  8.0
Armour         | 3 4 |  4.0
Staves         | 2 4 5 6 7 |  7.9
Spellcasting   | 1 4 5 |  5.1
Hexes          | 1 4 5 7 |  7.0
Invocations    | 3 |  3.0
Ice Magic      | 4 5 |  5.0
Long Blades    | 3 7 |  7.6
Throwing       | 3 |  3.1
Stealth        | |  1.0
Evocations     | |  3.0

Action                   |  1- 3 |  4- 6 |  7- 9 | 10-12 || total
-------------------------+-------+-------+-------+-------++-------
Melee: Dagger            |    93 |       |       |       ||    93
       Club              |    18 |       |       |       ||    18
       Punch             |     1 |     3 |       |     3 ||     7
       Short sword       |   106 |    44 |       |       ||   150
       Mace              |       |    52 |       |       ||    52
       Quarterstaff      |       |    34 |   315 |   233 ||   582
       Long sword        |       |       |       |   258 ||   258
Throw: Dart              |       |     5 |    21 |    34 ||    60
       Javelin           |       |       |       |     2 ||     2
 Cast: Slow              |       |       |    33 |   106 ||   139
       Confusing Touch   |       |       |    18 |    30 ||    48
       Ensorcelled Hiber |       |       |     1 |    14 ||    15
       Ozocubu's Armour  |       |       |       |    28 ||    28
Invok: Stomp             |       |       |     4 |       ||     4
Evoke: Wand              |       |     7 |    13 |     4 ||    24
  Use: Scroll            |       |     1 |     7 |     4 ||    12
       Potion            |       |       |     1 |     4 ||     5
 Stab: Confused          |       |       |     9 |    23 ||    32
       Sleeping          |       |       |     1 |     1 ||     2
       Paralysed         |       |       |     1 |    21 ||    22
       Invisible         |       |       |       |     1 ||     1
Armor: Leather armour    |    37 |       |       |       ||    37
       Chain mail        |    64 |    81 |       |       ||   145
       Robe              |       |     4 |    49 |   104 ||   157
Dodge: Dodged            |    74 |    48 |   235 |   405 ||   762
